 Dungeon Crawl Stone Soup version 0.31-a0-1176-gb7303255ee (webtiles) character file.

Game seed: 11425068407592471349

183 Amplified the Trooper (level 5, 0/46 HPs)
             Began as a Minotaur Shapeshifter on Dec 11, 2023.
             Slain by Menkaure (9 damage)
             ... on level 4 of the Dungeon.
             The game lasted 00:02:40 (2526 turns).

Amplified the Trooper (Minotaur Shapeshifter)       Turns: 2526, Time: 00:02:41

Health: 0/46       AC:  5    Str: 20    XL:     5   Next: 35%
Magic:  4/4        EV: 11    Int:  7    God:
Gold:   18         SH:  0    Dex: 10    Spells: 4/4 levels left

rFire   . . .        j - +5 morningstar (freeze)
rCold   . . .        (no shield)
rNeg    . . .        l - +0 ring mail
rPois   .            (helmet currently unavailable)
rElec   .            (cloak currently unavailable)
rCorr   .            (gloves currently unavailable)
SInv    .            (boots currently unavailable)
Will    .....        (no amulet) Stlth
                     (no ring)
HPRegen 0.27/turn    (no ring)
MPRegen 0.09/turn

%: no passive effects
@: beast-form
A: beast (slay +1), horns 2, retaliatory headbutt
a: Begin Untransformation


You were on level 4 of the Dungeon.
You were a hulking beast.
You visited 1 branch of the dungeon, and saw 4 of its levels.

You collected 200 gold pieces.
You spent 182 gold pieces at shops.

Inventory:

Hand Weapons
 b - a +3 dagger
 j - a +5 morningstar of freezing (weapon)
Missiles
 n - a throwing net
Armour
 l - a +0 ring mail (worn)
Talismans
 c - a beast talisman (active)
 d - a flux talisman
Wands
 q - a wand of flame (14)
Scrolls
 h - a scroll of blinking
 i - 4 scrolls of teleportation
 k - a scroll of immolation {unknown}
 o - a scroll of poison {unknown}
 t - a scroll of amnesia
Potions
 a - a potion of degeneration {unknown}
 e - a potion of curing
 f - 2 potions of might
 g - a potion of brilliance
 m - 2 potions of mutation
 p - a potion of berserk rage {unknown}
 r - a potion of lignification
 s - a potion of attraction {unknown}


   Skills:
 + Level 3.8 Fighting
 * Level 3.4 Maces & Flails
 - Level 2.1 Armour
 - Level 3.1 Dodging
 - Level 3.2 Unarmed Combat
 - Level 2.4 Shapeshifting


You had 4 spell levels left.
You didn't know any spells.
Your spell library contained the following spells:

 Spells                   Type           Power      Damage    Failure   Level
 Magic Dart               Conj           0%         1d3       61%         1
 Slow                     Hex            0%         N/A       61%         1
 Searing Ray              Conj           0%         2d4       75%         2
 Confusing Touch          Hex            0%         N/A       93%         3
 Sigil of Binding         Hex            0%         N/A       93%         3
 Vampiric Draining        Necr           0%         2d6       93%         3
 Fulminant Prism          Conj/Hex       0%         3d5       100%        4


Dungeon Overview and Level Annotations

Branches:
Dungeon (4/15)
 Temple: D:4-7

Altars:
Cheibriados
Xom

Shops:
D:3 ?

Annotations:
D:4 Menkaure


Innate Abilities, Weirdness & Mutations

You are a hulking beast.
Your limbs bulge with bestial killing power. (Slay +1)
You have a pair of horns on your head.
You reflexively headbutt those who attack you in melee.


Message History

There are monsters nearby!
Okay, then.
Aiming: Throw Flame
Press: ? - help, Shift-Dir - straight line, f - adder
Aim: an adder (moderately wounded, 48% to hit)
The puff of flame hits the adder.
The adder is severely wounded.
The adder bites you.
Unknown command.
Unknown command.
You feel better. The adder closely misses you. You furiously retaliate!
You headbutt the adder!
You kill the adder!
Menkaure calls on the powers of darkness!
Your body is wracked with pain!
Unknown command.
Aiming: Throw Flame
Press: ? - help, Shift-Dir - straight line, f - Menkaure
Aim: Menkaure (fast, 85% to hit)
The puff of flame hits Menkaure.
Menkaure is burned terribly!
Menkaure is moderately damaged.
Unknown command.
Aiming: Throw Flame
Press: ? - help, Shift-Dir - straight line, f/p - Menkaure
Aim: Menkaure (moderately damaged, fast, 85% to hit)
The puff of flame hits Menkaure but does no damage.
Menkaure is moderately damaged.
Menkaure hits you.
Unknown command.
Unknown command.
Aiming: Throw Flame
Press: ? - help, Shift-Dir - straight line, f/p - Menkaure
Aim: Menkaure (moderately damaged, fast, 85% to hit)
The puff of flame hits Menkaure!
Menkaure is burned terribly!
Menkaure is heavily damaged.
Menkaure calls on the powers of darkness!
Your body is wracked with pain!
* * * LOW HITPOINT WARNING * * *
Menkaure hits you!
You die...

#........#######..####.##
#........................
#........# #....<....#...
#........# #.........#...
#........# #....)....#...
....... #.............
#..†# #.........#... #M##
#######...#... #.h#
#.#.#... ##.# #....#..
#.# ###..#.. #.# #.....
#.## ###....#
#..########.....##
##..##......#....#
#......######.....
#......## #<.....


You could see Menkaure (fast).

Vanquished Creatures
  A hound (D:4)
  An orc priest (D:3)
  4 adders
  2 worms (D:3)
  4 dart slugs
  3 orcs (D:3)
  3 ball pythons
  5 endoplasms
  3 giant cockroaches
  7 goblins
  4 hobgoblins
  10 jackals
  5 kobolds
  4 quokkas
  6 bats
  6 frilled lizards
  2 rats (D:1)
70 creatures vanquished.

Notes
Turn   | Place    | Note
-------+----------+-------------------------------------------
     0 | D:1      | Amplified the Minotaur Shapeshifter began the quest for the
                  | Orb.
     0 | D:1      | Reached XP level 1. HP: 16/16 MP: 0/0
   116 | D:1      | Reached skill level 1 in Armour
   116 | D:1      | Reached XP level 2. HP: 24/24 MP: 1/1
   392 | D:1      | Reached XP level 3. HP: 29/29 MP: 2/2
  1220 | D:2      | Found a shimmering altar of Xom.
  1313 | D:2      | Found the +0 toga "Victory" {*Victory Clar}
  1650 | D:2      | Identified a scroll of acquirement
  1651 | D:2      | Acquired a +5 morningstar of freezing
  1775 | D:3      | Reached skill level 1 in Maces & Flails
  1775 | D:3      | Reached XP level 4. HP: 34/37 MP: 3/3
  1880 | D:3      | Found a snail-covered altar of Cheibriados.
  2086 | D:3      | Found Vuduoh's Magic Scroll Shop.
  2152 | D:3      | Bought a scroll of teleportation for 42 gold pieces
  2152 | D:3      | Bought a scroll of identify for 28 gold pieces
  2152 | D:3      | Bought a scroll of identify for 28 gold pieces
  2152 | D:3      | Bought a scroll of identify for 28 gold pieces
  2152 | D:3      | Bought a scroll of amnesia for 56 gold pieces
  2179 | D:3      | Found a faded altar of an unknown god.
  2187 | D:3      | Reached XP level 5. HP: 45/45 MP: 4/4
  2432 | D:4      | Noticed an ogre
  2516 | D:4      | Noticed Menkaure
  2526 | D:4      | Slain by Menkaure

Illustrated notes

Levels and vault maps discovered:
D:1:      dpeg_arrival_arbitrary_a, layout_basic
D:2:      layout_basic, basic_altar
D:3:      layout_loops_ring, slow_altar_2, ebering_ecumenical_altar_mist,
          serial_glass, glass_columns_c, glass_columns_a, serial_shops,
          nicolae_shop_waterfront
D:4:      layout_rooms, uniq_menkaure

Skill      XL: |  1  2  3  4  5 |
---------------+----------------+-----
Armour         | 1 2 |  2.1
Fighting       | 2 3 |  3.8
Dodging        | 3 |  3.1
Maces & Flails | 1 2 3 |  3.4
Unarmed Combat | |  3.2
Shapeshifting  | |  2.4

Action                     |  1- 3 |  4- 6 || total
---------------------------+-------+-------++-------
  Melee: Unarmed           |    74 |       ||    74
         Headbutt          |    10 |     3 ||    13
         Punch             |     1 |       ||     1
         Morningstar       |    10 |    45 ||    55
Ability: Begin Untransform |     1 |       ||     1
  Evoke: Wand              |       |     4 ||     4
    Use: Potion            |     1 |     1 ||     2
         Scroll            |     4 |     5 ||     9
   Stab: Sleeping          |     2 |       ||     2
 Armour: Animal skin       |    30 |       ||    30
         Skin              |     7 |       ||     7
         Ring mail         |    14 |    32 ||    46
  Dodge: Dodged            |    52 |    27 ||    79
   Form: Beast             |     1 |       ||     1

Table legend: (Time is in decaauts)
 A = Elapsed time spent in this place.
 B = Non-inter-level travel time spent in this place.
 C = Inter-level travel time spent in this place.
 D = Time resting spent in this place.
 E = Time spent auto-exploring this place.
 F = Levels seen in this place.
 G = Mean time per level.
                   A        B        C        D        E       F      G
               +--------+--------+--------+--------+--------+-----+--------+
         Total |   2541 |   2441 |    100 |    103 |   1882 |   4 |  635.2 |
       Dungeon |   2541 |   2441 |    100 |    103 |   1882 |   4 |  635.2 |
               +--------+--------+--------+--------+--------+-----+--------+

Top non-repeatable levels by time:
     D:1: 1185 daAuts
     D:3: 785 daAuts
     D:2: 471 daAuts
     D:4: 99 daAuts
